 Dungeon Crawl Stone Soup version 0.29-a0-284-gf9362112df (webtiles) character file.

Game seed: 16140416002750265135

153 enile the Chopper (level 5, 0/47 HPs)
             Began as a Minotaur Monk on Mar 22, 2022.
             Was a Believer of Nemelex Xobeh.
             Slain by an ogre
             ... wielding a +0 giant spiked club
              (17 damage)
             ... on level 4 of the Dungeon.
             The game lasted 00:01:39 (1829 turns).

enile the Chopper (Minotaur Monk)                   Turns: 1829, Time: 00:01:40

Health: 0/47       AC:  8    Str: 18    XL:     5   Next: 12%
Magic:  4/4        EV:  8    Int:  7    God:    Nemelex Xobeh [**....]
Gold:   71         SH:  0    Dex: 12    Spells: 4/4 levels left

rFire   . . .      SeeInvis .   d - +0 morningstar
rCold   . . .      Faith    .   (no shield)
rNeg    . . .      Spirit   .   f - +0 chain mail
rPois   .          Reflect  .   (helmet restricted)
rElec   .          Harm     .   (no cloak)
rCorr   .          Rampage  .   (no gloves)
Will    .....                   (no boots)
Stlth   ..........              (no amulet)
HPRegen 0.15/turn               (no ring)
MPRegen 0.09/turn               (no ring)

@: no status effects
A: horns 2, retaliatory headbutt
a: Renounce Religion, Draw Escape, Draw Destruction, Draw Summoning


You were on level 4 of the Dungeon.
You worshipped Nemelex Xobeh.
Nemelex Xobeh was pleased with you.
You visited 1 branch of the dungeon, and saw 4 of its levels.

You collected 71 gold pieces.

Inventory:

Hand Weapons
 a - a +0 hand axe
 d - a +0 morningstar (weapon)
Missiles
 j - 2 poisoned darts (quivered)
Armour
 b - a +0 robe
 f - a +0 chain mail (worn)
Wands
 l - a wand of digging (5)
Scrolls
 h - 3 scrolls of identify {unknown}
 i - a scroll of enchant weapon {unknown}
Potions
 c - a potion of ambrosia
 e - a potion of mutation {unknown}
 g - a potion of cancellation {unknown}
 k - a potion of curing {unknown}


   Skills:
 + Level 4.7 Fighting
 + Level 4.7 Axes
 + Level 4.2 Dodging
 + Level 2.7 Stealth


You had 4 spell levels left.
You didn't know any spells.
Your spell library was empty.

Dungeon Overview and Level Annotations

Branches:
Dungeon (4/15)
 Temple: D:4-7

Altars:
Makhleb
Nemelex Xobeh


Innate Abilities, Weirdness & Mutations

You have a pair of horns on your head.
You reflexively headbutt those who attack you in melee.


Message History

The poisoned dart hits the giant cockroach.
The giant cockroach is poisoned.
You kill the giant cockroach!
No target in view!
No target in view!
No target in view!
No target in view!
No target in view!
Found a stone staircase leading down.
A ball python comes into view.
The ball python hisses angrily.
A ball python is nearby!
A ball python and an ogre come into view.
The ball python closely misses you. The ball python grabs you.
The ball python constricts you.
The ball python bites you but does no damage.
The ball python constricts you.
You sock the ball python!
You kill the ball python!
The ufetubus shouts!
The ogre hits you with a +0 giant spiked club!!
You closely miss the ogre.
The ogre hits you with a +0 giant spiked club!
You are too injured to fight recklessly!
You are too injured to fight recklessly!
You are too injured to fight recklessly!
You draw a card...
You have drawn the Dance.
Your +0 quarterstaff of venom hits the ufetubus!
The ufetubus is poisoned.
You see here a poisoned dart.
The ufetubus dies!
Your +0 quarterstaff of venom hits the ogre!
The ogre looks as sick as possible!
The ogre attacks as you move away! The ogre misses you.
Your +0 quarterstaff of venom hits the ogre.
The ogre looks as sick as possible!
The ogre attacks as you move away!
The ogre hits you with a +0 giant spiked club!
You die...
Your body glows slightly and disappears.

#...>.......#
#...........#
#...........#
#...........#
#...(.......#
####.######## #.#
#O# #@#
################.#
.................#
##################
# # # # #


You could see an ogre (extremely poisoned, ally target) and a friendly +0
quarterstaff of venom (summoned).

Vanquished Creatures
  A scorpion (D:4)
  A hound (D:4)
  An iguana (D:4)
  An adder (D:4)
  4 orcs (D:4)
  3 ball pythons
  An endoplasm (D:1)
  2 giant cockroaches
  3 goblins (D:1)
  5 kobolds (D:1)
  A frilled lizard (D:1)
  2 rats (D:1)
25 creatures vanquished.

Vanquished Creatures (collateral kills)
  An ufetubus (D:4)
1 creature vanquished.

Grand Total: 26 creatures vanquished

Notes
Turn   | Place    | Note
-------+----------+-------------------------------------------
     0 | D:1      | enile the Minotaur Monk began the quest for the Orb.
     0 | D:1      | Reached XP level 1. HP: 19/19 MP: 0/0
   471 | D:1      | Reached XP level 2. HP: 22/27 MP: 1/1
   871 | D:1      | Found a faded altar of an unknown god.
   989 | D:1      | Prayed at the altar of an unknown god.
   989 | D:1      | Became a worshipper of Nemelex Xobeh the Trickster
   989 | D:1      | Reached * piety under Nemelex Xobeh
   989 | D:1      | Received a gift from Nemelex Xobeh
   989 | D:1      | Reached ** piety under Nemelex Xobeh
   989 | D:1      | Received a gift from Nemelex Xobeh
  1025 | D:2      | You fall into a shaft and drop 2 floors!
  1151 | D:4      | Reached XP level 3. HP: 17/33 MP: 2/2
  1299 | D:3      | Found a burning altar of Makhleb.
  1299 | D:3      | Received a gift from Nemelex Xobeh
  1302 | D:3      | Found a faded altar of an unknown god.
  1347 | D:4      | Reached XP level 4. HP: 25/41 MP: 3/3
  1483 | D:4      | Noticed a scorpion
  1505 | D:4      | Killed a scorpion
  1719 | D:4      | Reached XP level 5. HP: 47/47 MP: 4/4
  1817 | D:4      | Noticed an ogre
  1829 | D:4      | Slain by an ogre

Illustrated notes

Levels and vault maps discovered:
D:1:      dpeg_arrival_line_fractal, layout_basic,
          chequers_ecumenical_altar_grove
D:2:      minmay_chambers_of_twos, layout_loops_ring, dk_noncrumbling_4,
          minmay_pentomino_w2, uniq_natasha
D:3:      layout_loops_cross, nicolae_overflow_ecumenical_swirl, uniq_jessica,
          uniq_terence
D:4:      layout_basic, nicolae_overflow_hidden_temple

Skill      XL: |  1  2  3  4 |
---------------+-------------+-----
Axes           | 4 |  4.7
Stealth        | 2 |  2.7
Fighting       | 4 |  4.7
Dodging        | 4 |  4.2

Action                   |  1- 3 |  4- 6 || total
-------------------------+-------+-------++-------
Melee: Morningstar       |    49 |    14 ||    63
       Headbutt          |     8 |     2 ||    10
       Punch             |     1 |     1 ||     2
Throw: Dart              |       |     1 ||     1
Invok: Draw Summoning    |       |     1 ||     1
Armor: Chain mail        |    29 |     6 ||    35
Dodge: Dodged            |    22 |    10 ||    32

Table legend: (Time is in decaauts)
 A = Elapsed time spent in this place.
 B = Non-inter-level travel time spent in this place.
 C = Inter-level travel time spent in this place.
 D = Time resting spent in this place.
 E = Time spent auto-exploring this place.
 F = Levels seen in this place.
 G = Mean time per level.
                   A        B        C        D        E       F      G
               +--------+--------+--------+--------+--------+-----+--------+
         Total |   1852 |   1725 |    127 |    139 |   1378 |   4 |  463.0 |
       Dungeon |   1852 |   1725 |    127 |    139 |   1378 |   4 |  463.0 |
               +--------+--------+--------+--------+--------+-----+--------+

Top non-repeatable levels by time:
     D:1: 1036 daAuts
     D:4: 805 daAuts
     D:3: 10 daAuts
